Map: Lerilak Crest

Players

AcerBly (Bly)

  • Race: Zerg Zerg
  • League: Master

Dragon - Winner!

  • Race: Terran Terran
  • League: Master

Event: Lycan League Weekly August #1

VOD

Have the link to the VOD?

Description

Time

  • Played on: Aug. 3, 2015, 1:30 p.m.
  • Length: 13:02

All games in this series

Show
View Real Time Build Order
Export as new Build Order

AcerBly Zerg 

Build Orders: Pool First, Lurkers 

Get SALT Encoding   

  12  0:01  Drone  
  13  0:09  Drone  
  14  0:28  Drone, Spawning Pool  
  13  0:33  Extractor  
  13  0:34  Drone  
  14  0:44  Overlord  
  14  0:53  Drone, Extractor  
  15  1:03  Drone  
  16  1:04  Drone  
  17  1:12  Drone  
  17  1:14  Queen  
  20  1:28  Roach Warren, Zergling x2  
  20  1:34  Overlord  
  20  1:51  Burrow  
  20  2:09  Roach x3  
  26  2:20  Overlord  
  26  2:27  Roach  
  26  2:28  Roach  
  30  2:41  Roach x2  
  34  2:51  Overlord  
  34  3:01  Drone x4  
  38  3:11  Overlord  
  38  3:19  Roach  
  38  3:21  Drone x2  
  36  3:34  Roach  
  36  3:35  Hatchery  
  36  3:39  Roach  
  35  3:45  Drone x5  
  40  3:49  Roach x4  
  40  3:50  Roach  
  39  4:00  Roach  
  39  4:01  Drone  
  39  4:02  Queen  
  40  4:03  Extractor  
  41  4:18  Roach  
  41  4:23  Drone x5  
  42  4:43  Roach x3  
  42  4:46  Drone x2  
  42  4:47  Lair, Overlord  
  44  4:54  Queen  
  44  4:56  Overlord  
  44  4:57  Overlord  
  44  4:59  Drone x3  
  49  5:13  Roach x3  
  55  5:18  Extractor  
  55  5:20  Drone  
  55  5:24  Overlord  
  55  5:27  Drone x2  
  55  5:28  Drone x2  
  59  5:32  Overlord  
  59  5:39  Spore Crawler  
  58  5:44  Roach  
  58  5:46  Overseer  
  58  5:49  Drone x2  
  60  5:58  Hatchery  
  60  5:59  Roach  
  59  6:07  Roach x2  
  53  6:11  Drone x4  
  53  6:12  Drone  
  53  6:14  Glial Reconstitution  
  57  6:22  Drone x6  
  57  6:34  Drone x5  
  62  6:43  Roach x2  
  62  6:46  Extractor  
  65  6:47  Roach  
  65  6:48  Roach x3  
  65  6:51  Roach x2  
  77  7:02  Roach x3  
  77  7:06  Overlord x3  
  83  7:14  Roach x2  
  87  7:17  Overlord  
  87  7:21  Roach  
  89  7:33  Tunneling Claws  
  89  7:35  Roach x7  
  97  7:42  Hydralisk Den  
  96  7:45  Infestation Pit  
  96  7:48  Roach x2  
  96  7:49  Roach  
  101  7:58  Roach  
  101  7:59  Roach x3  
  101  8:03  Lurker Den  
  101  8:04  Roach x3  
  109  8:09  Roach  
  109  8:10  Roach x3  
  117  8:16  Drone x3  
  120  8:26  Hive  
  120  8:37  Hydralisk  
  120  8:39  Overlord  
  120  8:40  Overlord x3  
  122  8:42  Roach x3  
  122  8:51  Drone, Extractor  
  122  8:52  Overlord x2  
  122  8:57  Queen x3  
  122  9:08  Roach x26  
  116  9:10  Hydralisk x3  
  116  9:11  Hydralisk x4  
  130  9:18  Extractor  
  129  9:25  Evolution Chamber  
  128  9:39  Drone x4  
  128  9:40  Viper x3  
  141  9:47  Lurker  
  142  9:53  Zerg Missile Weapons Level 1  
  142  10:01  Hatchery  
  142  10:06  Drone x5  
  148  10:07  Drone x4, Overlord  
  148  10:22  Roach x25  
  148  10:25  Lurker x3  
  148  10:26  Lurker  
  152  10:32  Drone x6  
  152  10:33  Drone  
  159  10:35  Spore Crawler  
  159  10:36  Spore Crawler  
  159  10:40  Roach x24  
  157  10:44  Extractor  
  157  10:49  Extractor  
  155  10:54  Hydralisk x8  
  162  11:22  Hydralisk x4  
  162  11:23  Hydralisk x7  
  162  11:25  Overlord  
  184  11:30  Overlord  
  143  11:46  Extractor  
  109  11:51  Roach x12  
  106  12:03  Hydralisk x4  
  70  12:24  Roach x5  
  78  12:42  Extractor  
Show
View Real Time Build Order
Export as new Build Order

Dragon Terran - Winner!

Build Orders: Bio Tank, MMM Bio 

Get SALT Encoding   

  12  0:01  SCV  
  13  0:13  SCV  
  14  0:17  Supply Depot  
  14  0:25  SCV  
  15  0:39  SCV  
  15  0:40  Barracks  
  16  0:51  SCV  
  17  1:03  SCV  
  18  1:14  Command Center  
  18  1:18  SCV  
  19  1:27  Marine  
  19  1:30  Orbital Command  
  20  1:36  Refinery  
  20  1:40  Refinery  
  20  1:45  Marine  
  21  1:53  Supply Depot  
  21  1:57  SCV  
  22  2:03  Marine  
  23  2:14  SCV  
  24  2:26  SCV  
  24  2:30  Marine  
  24  2:33  Factory  
  25  2:37  Orbital Command  
  25  2:38  Bunker  
  25  2:41  SCV  
  26  2:52  Marine  
  26  2:56  SCV  
  28  2:58  Orbital Command  
  28  3:08  Bunker  
  28  3:10  SCV  
  29  3:13  Marine  
  29  3:18  Widow Mine  
  29  3:19  Starport  
  32  3:22  SCV  
  33  3:31  SCV  
  30  3:37  Marine  
  30  3:38  SCV  
  32  3:43  SCV  
  32  3:47  Widow Mine  
  35  3:50  SCV  
  36  4:03  Viking  
  36  4:04  Marine  
  36  4:06  Barracks  
  36  4:07  SCV x2, Barracks  
  42  4:20  SCV  
  42  4:21  SCV  
  44  4:32  Supply Depot  
  44  4:33  SCV  
  43  4:39  SCV, Factory Tech Lab  
  43  4:40  Medivac  
  43  4:42  Barracks Tech Lab  
  46  4:50  Command Center  
  46  4:54  SCV  
  46  4:55  Barracks Tech Lab  
  46  4:56  Barracks Reactor  
  47  5:02  Supply Depot  
  47  5:09  Marine  
  47  5:10  Stimpack  
  47  5:11  SCV x2  
  50  5:21  Marine  
  50  5:23  SCV  
  50  5:26  Marine  
  53  5:32  Siege Tank, Marine  
  57  5:39  Marine  
  57  5:41  Marine  
  59  5:44  Marine  
  59  5:48  Starport Reactor  
  59  5:49  Marine  
  60  5:52  SCV  
  60  5:57  Marine  
  60  5:58  Orbital Command  
  60  6:00  Engineering Bay  
  60  6:03  Marine x2  
  60  6:04  SCV  
  62  6:06  Siege Tank  
  65  6:16  SCV  
  65  6:18  Engineering Bay, Orbital Command  
  64  6:25  SCV  
  65  6:28  SCV  
  66  6:37  SCV, Missile Turret, Marine x2  
  66  6:38  Marauder  
  71  6:40  SCV  
  71  6:42  Terran Infantry Weapons Level 1  
  71  6:44  SCV  
  73  6:49  SCV  
  73  6:50  Missile Turret  
  73  6:53  Terran Infantry Armor Level 1  
  74  6:54  Marine  
  74  7:00  SCV  
  74  7:01  SCV  
  77  7:02  Refinery  
  77  7:04  Refinery  
  77  7:05  Supply Depot  
  77  7:12  Supply Depot  
  77  7:15  Supply Depot  
  77  7:17  Combat Shields  
  77  7:18  Liberator  
  77  7:26  SCV x3, Marine x4  
  84  7:38  SCV x3  
  84  7:39  Refinery  
  84  7:42  Supply Depot  
  84  7:43  Refinery, Barracks  
  84  7:44  Barracks, Marine x2  
  87  7:48  Armory  
  87  7:50  SCV x3  
  92  7:53  Liberator  
  92  7:55  Supply Depot  
  92  7:57  Marine x2  
  94  8:01  Marine x2  
  94  8:02  SCV x2  
  94  8:03  SCV  
  94  8:04  Siege Tank  
  102  8:05  Missile Turret  
  102  8:06  Supply Depot  
  102  8:08  Liberator  
  105  8:15  SCV x2, Marine  
  105  8:18  Marine  
  105  8:19  Marine  
  109  8:26  Supply Depot  
  113  8:28  SCV x3, Missile Turret  
  115  8:35  Barracks Reactor  
  115  8:37  Supply Depot  
  115  8:38  Barracks Reactor, Supply Depot  
  115  8:39  Supply Depot, Terran Infantry Weapons Level 2  
  115  8:40  SCV x2  
  117  8:48  Marine  
  117  8:50  SCV  
  117  8:51  Command Center  
  117  8:52  Missile Turret, Marauder  
  121  8:56  Terran Vehicle Weapons Level 1  
  121  8:58  Medivac  
  123  9:05  Missile Turret  
  123  9:08  Medivac  
  123  9:09  Marine x2  
  126  9:11  Concussive Shells  
  126  9:13  Terran Infantry Armor Level 2  
  126  9:15  SCV x3  
  126  9:16  Marine x4  
  126  9:17  Marine  
  133  9:21  Supply Depot  
  134  9:25  Supply Depot, Marauder  
  134  9:27  Marine  
  134  9:29  SCV  
  138  9:32  Siege Tank  
  138  9:34  Medivac  
  138  9:38  Medivac  
  145  9:41  SCV  
  145  9:42  Supply Depot, Marine x2  
  145  9:43  Marine x2  
  145  9:44  Supply Depot  
  150  9:52  Supply Depot  
  150  9:56  SCV  
  150  9:57  Missile Turret  
  150  10:04  Orbital Command  
  150  10:09  Medivac x2  
  150  10:13  SCV x2  
  154  10:14  SCV  
  154  10:17  Marauder, Siege Tank, Marine x2  
  154  10:19  Missile Turret  
  154  10:20  Marine x3  
  154  10:21  Marine x2  
  166  10:28  Missile Turret  
  166  10:34  Marine  
  167  10:35  Marine  
  167  10:36  Barracks  
  167  10:37  Marine  
  167  10:38  Starport  
  169  10:46  Marine  
  169  10:48  Marauder, Marine  
  169  10:49  Liberator  
  173  10:52  Marine x3  
  173  10:53  Siege Tank  
  173  10:55  Marine  
  173  10:56  Marauder  
  182  11:03  Marine  
  165  11:12  Orbital Command  
  165  11:19  Marine  
  165  11:20  Marauder  
  165  11:23  Marauder, Marine x2  
  165  11:25  Siege Tank  
  171  11:26  Marine  
  171  11:28  SCV  
  167  11:33  Marine  
  167  11:37  Marine  
  164  11:41  Marine, Marauder  
  164  11:44  Marauder  
  141  11:47  Missile Turret  
  141  11:52  Marine x2  
  141  11:55  Orbital Command  
  141  11:56  Marine  
  139  12:01  Liberator  
  139  12:02  Siege Tank, Marauder  
  139  12:06  Marauder  
  145  12:09  Marine x3  
  145  12:14  Marine x2  
  144  12:19  Marine  
  147  12:23  Marine  
  147  12:27  Marine x2  
  147  12:29  Marine x2  
  150  12:30  Marine  
  150  12:40  Marine x3  
  150  12:41  Marine  

Tags
 
Add a new tag
Caveats
  • Supply blocks, unpowered buildings, or Contaminate may cause inaccurate times.
  • Supply counts are checked every 10 seconds.